 Dungeon Crawl Stone Soup version 0.28-a0-1613-gdaab1c2f9b (webtiles) character file.

Game seed: 291319364989358947

203 mcsnuffy the Conjurer (level 5, -1/32 HPs)
             Began as a Deep Elf Conjurer on Jan 21, 2022.
             Slain by a scorpion (8 damage)
             ... on level 4 of the Dungeon.
             The game lasted 00:08:52 (3036 turns).

mcsnuffy the Conjurer (Deep Elf Conjurer)           Turns: 3036, Time: 00:08:54

Health: -1/32      AC:  2    Str:  4    XL:     5   Next: 51%
Magic:  2/11       EV: 12    Int: 25    God:
Gold:   114        SH:  0    Dex: 13    Spells: 3/10 levels left

rFire   . . .      SeeInvis .   e - +0 dagger
rCold   . . .      Faith    .   (no shield)
rNeg    . . .      Spirit   .   a - +0 robe
rPois   .          Reflect  .   (no helmet)
rElec   .          Harm     .   (no cloak)
rCorr   .          Rampage  .   (no gloves)
Will    .....                   (no boots)
Stlth   ++........              (no amulet)
HPRegen 0.10/turn               (no ring)
MPRegen 0.12/turn               (no ring)

@: lethally poisoned (-1 -> -11)
A: no striking features
a: no special abilities


You were on level 4 of the Dungeon.
You visited 1 branch of the dungeon, and saw 4 of its levels.

You collected 114 gold pieces.


   Skills:
 + Level 3.2 Fighting
 - Level 2.4 Dodging
 - Level 2.4 Stealth
 - Level 3.0 Spellcasting
 - Level 6.0 Conjurations


You had 3 spell levels left.
You knew the following spells:

 Your Spells              Type           Power      Damage    Failure   Level
f - Fulminant Prism       Conj/Hex       9%         3d7       28%         4
m - Magic Dart            Conj           100%       1d8       1%          1
s - Searing Ray           Conj           66%        2d6       1%          2

Your spell library contained the following spells:

 Spells                   Type           Power      Damage    Failure   Level
 Dazzling Flash           Conj/Hex       36%        N/A       9%          3
 Iskenderun's Mystic Bla  Conj/Tloc      18%        2d6       28%         4

Inventory:

Hand Weapons
 e - a +0 dagger (weapon)
Armour
 a - a +0 robe (worn)
Magical Staves
 g - a staff of air {!a}
Wands
 f - a wand of iceblast (10)
Scrolls
 h - a scroll of teleportation {@r2}
 k - 2 scrolls of fog
 l - 2 scrolls of magic mapping {unknown}
Potions
 b - a potion of curing {unknown}
 i - a potion of attraction {unknown}
 j - 2 potions of might
 m - a potion of invisibility {unknown}

Dungeon Overview and Level Annotations

Branches:
Dungeon (4/15)
 Temple: D:4-7

Altars:

############# ###
#.s@........# #..
#.#########.# #.#
#.#<......#.# #)#
#.#######.#.# #.#
#.# #.#.# #.# #.#
#.#.# #.# #.# #.#.#
#.#
#.#######.#.######.#
#..................#


You could see a scorpion.


Message History

Aim: a scorpion (heavily wounded, 100% to hit)
The magic dart hits the scorpion but does no damage.
The scorpion is heavily wounded.
The scorpion closely misses you. The scorpion stings you.
* * * LOW HITPOINT WARNING * * *
You are lethally poisoned!
The scorpion poisons you!
You feel much better.
You feel very sick. The scorpion barely misses you.
You feel sick.
You feel sick.
You feel sick.
You feel sick.
The scorpion stings you but does no damage.
You feel sick.
You feel sick.
You feel sick.
You are no longer poisoned.
The scorpion stings you!
* * * LOW HITPOINT WARNING * * *
You are lethally poisoned!
The scorpion poisons you!
* * * LOW HITPOINT WARNING * * *
You feel very sick.
It was a potion of cancellation.
You feel magically purged.
* * * LOW HITPOINT WARNING * * *
You feel sick. The scorpion stings you!
You die...

Skill      XL: |  1  2  3  4 |
---------------+-------------+-----
Conjurations   | 5 6 |  6.0
Fighting       | 3 |  3.2
Dodging        | |  2.4
Stealth        | |  2.4
Spellcasting   | |  3.0

Action                   |  1- 3 |  4- 6 || total
-------------------------+-------+-------++-------
Melee: Unarmed           |     2 |       ||     2
 Cast: Magic Dart        |    73 |    79 ||   152
       Searing Ray       |       |     1 ||     1
  Use: Scroll            |       |     4 ||     4
       Potion            |       |     3 ||     3
Armor: Robe              |     3 |     2 ||     5
Dodge: Dodged            |     7 |     9 ||    16

Levels and vault maps discovered:
D:1:      minmay_arrival_split_and_join, layout_basic,
          dreamdust_ecumenical_altar_sealed_demon
D:2:      layout_basic, minmay_misc_feat_columns
D:3:      layout_rooms, minmay_misc_feat_tiny
D:4:      layout_basic, general_overflow_altar, grunt_gozag_statues,
          serial_shops, shop_statue, st_stairs_9

Notes
Turn   | Place    | Note
-------+----------+-------------------------------------------
     0 | D:1      | mcsnuffy the Deep Elf Conjurer began the quest for the Orb.
     0 | D:1      | Reached XP level 1. HP: 10/10 MP: 6/6
   238 | D:1      | Reached XP level 2. HP: 15/15 MP: 4/8
   296 | D:1      | Reached skill level 5 in Conjurations
   635 | D:1      | Found a faded altar of an unknown god.
   635 | D:1      | Noticed an ice devil
   732 | D:1      | Reached XP level 3. HP: 19/19 MP: 6/9
   781 | D:1      | Learned a level 2 spell: Searing Ray
  1212 | D:2      | Reached skill level 6 in Conjurations
  1429 | D:2      | Reached XP level 4. HP: 24/24 MP: 7/10
  1640 | D:2      | Reached skill level 1 in Fighting
  2169 | D:3      | Reached skill level 2 in Fighting
  2270 | D:3      | Reached skill level 3 in Fighting
  2270 | D:3      | Reached XP level 5. HP: 16/32 MP: 1/11
  2572 | D:3      | Learned a level 4 spell: Fulminant Prism
  3036 | D:4      | Slain by a scorpion

Vanquished Creatures
  A water moccasin skeleton (D:3)
  An iguana (D:2)
  4 gnolls (D:3)
  An adder (D:3)
  A worm (D:3)
  A dart slug (D:1)
  5 orcs
  5 endoplasms
  A giant cockroach (D:3)
  5 goblins
  6 hobgoblins
  2 quokkas
  6 ball pythons
  9 bats
  3 frilled lizards
  7 kobolds
  13 rats
71 creatures vanquished.

Table legend: (Time is in decaauts)
 A = Elapsed time spent in this place.
 B = Non-inter-level travel time spent in this place.
 C = Inter-level travel time spent in this place.
 D = Time resting spent in this place.
 E = Time spent auto-exploring this place.
 F = Levels seen in this place.
 G = Mean time per level.
                   A        B        C        D        E       F      G
               +--------+--------+--------+--------+--------+-----+--------+
         Total |   3035 |   2883 |    152 |    726 |   1742 |   4 |  758.8 |
       Dungeon |   3035 |   2883 |    152 |    726 |   1742 |   4 |  758.8 |
               +--------+--------+--------+--------+--------+-----+--------+

Top non-repeatable levels by time:
     D:1: 1131 daAuts
     D:3: 901 daAuts
     D:2: 882 daAuts
     D:4: 120 daAuts

Table legend:
 A = Non-vault XP
 B = Vault XP
 C = Vault XP percentage of total XP
 D = Non-vault monster count
 E = Vault monster count
 F = Vault count percentage of total count
                 A         B        C        D         E       F
            +---------+---------+-------+---------+---------+-------
      Total |     288 |       3 |   1.0 |      70 |       1 |   1.4
            +---------+---------+-------+---------+---------+-------
        D:1 |      47 |       0 |   0.0 |      31 |       0 |   0.0
        D:2 |      61 |       0 |   0.0 |      17 |       0 |   0.0
        D:3 |     177 |       0 |   0.0 |      20 |       0 |   0.0
        D:4 |       3 |       3 |  50.0 |       2 |       1 |  33.3
            +---------+---------+-------+---------+---------+-------
